AoeStats
← ElDarko

Arabia

509443655Analyzed
1v1 RM · 5d ago on Sep 26, 2026· 31m 40s· 2 players
Game mode
Random Map
Map size
Tiny (2 player)
Population
200
Speed
Normal
Resources
Standard
Victory
Conquest
Starting age
Dark Age
Ending age
Imperial Age
RankedLock teamsTeams togetherTeam positionsShared explorationLock speedFull tech treeHidden civsTurbo modeCheats
Victory
Defeat
🇪🇸 Spanish · Spain
490
+13
🇦🇷 Magyars · Argentina
424
-13
ElDarko
10:56 Feudal Age
9:14 Loom
22:25 Castle Age
28:50 Corvinian Army
carlosgetafe1
2:25 Loom
14:18 Feudal Age
16:23 Horse Collar
20:46 Castle Age
22:17 Pikeman
23:48 Husbandry
24:34 Padded Archer Armor
26:29 Bloodlines
Connection lost

Rejoining the realm…

Still unreachable

The connection could not be restored.

Session expired

The server has moved on; the page needs a fresh start.